 Dungeon Sprint DCSS version 0.27-a0-1532-gca18f49f40 (webtiles) character file.

Game seed: 10821235473487833391

93370 mhtbhm the Hoplite (level 15, -8/156 HPs)
             Began as a Minotaur Fighter on July 12, 2021.
             Was the Champion of Qazlal.
             Killed from afar by Nineh the pandemonium lord (66 damage)
             ... with an arc of chain lightning
             ... in the Dungeon (Sprint VII: "The Pits").
             The game lasted 00:15:07 (4892 turns).

mhtbhm the Hoplite (Minotaur Fighter)               Turns: 4892, Time: 00:15:07

Health: -8/156     AC: 39    Str: 28    XL:     15   Next: 60%
Magic:  22/29      EV: 16    Int:  5    God:    Qazlal [******]
Gold:   82         SH: 35    Dex:  9    Spells: 14/14 levels left

rFire    . . .     SeeInvis .   a - +7 morningstar "Dragon's Tongue" {protect, rN+}
rCold    . . .     Faith    .   c - +1 tower shield
rNeg     + + .     Spirit   .   b - +2 pearl dragon scales
rPois    .         Reflect  .   (helmet restricted)
rElec    .         Harm     .   f - +1 cloak
rCorr    .         Rampage  .   p - +2 pair of gloves {archery}
Will     +....     NoTele   +   k - +1 pair of boots
Stlth    +.........             D - amulet of regeneration
HPRegen  1.36/turn              n - +3 ring of evasion
MPRegen  0.21/turn              o - +3 ring of protection

@: under a protective aura, repel missiles
A: horns 2, retaliatory headbutt
a: Renounce Religion, Upheaval, Elemental Force, Disaster Area


You were in the Dungeon.
You worshipped Qazlal.
Qazlal was exalted by your worship.
You visited 1 branch You collected 82 gold pieces.

Inventory:

Hand Weapons
 a - the +7 morningstar "Dragon's Tongue" (weapon) {protect, rN+}
   (You found it in the Dungeon)

   It grants its wielder temporary protection when it strikes (+7 to AC).
   rN:        It protects you from negative energy.
 E - the +5 flail of Cowardice {holy, rPois Str+4 Int-4 Dex+6}
   (You found it in the Dungeon)

   It has been blessed by the Shining One to cause great damage to the undead
   and demons.
   Str:       It affects your strength (+4).
   Int:       It affects your intelligence (-4).
   Dex:       It affects your dexterity (+6).
   rPois:     It protects you from poison.
Missiles
 A - 8 datura-tipped darts (quivered)
Armour
 b - +2 pearl dragon scales (worn)
 c - a +1 tower shield (worn)
 f - a +1 cloak (worn)
 k - a +1 pair of boots (worn)
 p - a +2 pair of gloves of archery (worn)
Jewellery
 n - a +3 ring of evasion (left hand)
 o - a +3 ring of protection (right hand)
 v - a +6 ring of dexterity
 x - a ring of positive energy
 z - a ring of see invisible
 B - a ring of positive energy
 D - an amulet of regeneration (around neck)
Scrolls
 j - a scroll of blinking
 l - 5 scrolls of amnesia
 m - a scroll of summoning
 s - 4 scrolls of enchant weapon
 t - 4 scrolls of enchant armour
 w - 3 scrolls of identify
Potions
 d - 2 potions of might
 e - 3 potions of curing
 g - 2 potions of haste
 h - a potion of magic
 i - 5 potions of berserk rage
 q - a potion of mutation
 r - a potion of brilliance
 u - a potion of resistance
Miscellaneous
 y - a box of beasts
 C - a phantom mirror


   Skills:
 + Level 20.3 Fighting
 + Level 21.4 Maces & Flails
 + Level 18.4 Armour
 + Level 9.9 Dodging
 + Level 4.5 Stealth
 + Level 25.9 Shields
 * Level 22.8 Invocations
 + Level 2.5 Evocations


You had 14 spell levels left.
You didn't know any spells.
Your spell library contained the following spells:

 Spells                   Type           Power      Damage    Failure   Level
 Freeze                   Ice            0%         1d3       67%         1
 Magic Dart               Conj           0%         1d3       67%         1
 Searing Ray              Conj           0%         3d3       82%         2
 Frozen Ramparts          Ice            0%         1d2       96%         3
 Fulminant Prism          Conj/Hex       0%         3d6       100%        4
 Hailstorm                Conj/Ice       0%         3d3       100%        4
 Blade Hands              Tmut           0%         N/A       100%        5
 Irradiate                Conj/Tmut      0%         3d13      100%        5
 Dragon Form              Tmut           0%         N/A       100%        7
 Borgnjor's Revivificati  Necr           0%         N/A       100%        8
 Necromutation            Tmut/Necr      0%         N/A       100%        8
 Death's Door             Necr           0%         N/A       100%        9


Dungeon Overview and Level Annotations

Branches:
Dungeon (1/1)

Altars:
Ashenzari
Cheibriados
Dithmenos
Elyvilon
Fedhas
Gozag
Hepliaklqana
Kikubaaqudgha
Makhleb
Nemelex Xobeh
Okawaru
Qazlal
Ru
Sif Muna
Trog
Uskayaw
Vehumet
Wu Jian
Xom
Yredelemnul
Zin
The Shining One
Beogh
Jiyva
Lugonu


Innate Abilities, Weirdness & Mutations

You have a pair of horns on your head.
You reflexively headbutt those who attack you in melee.


Message History

The deep elf blademaster is severely wounded.
You block the deep elf blademaster's attack.
The deep elf blademaster misses you.
You bludgeon the deep elf blademaster!!
Your headbutt misses the deep elf blademaster.
The deep elf blademaster is almost dead.
You block the deep elf blademaster's attack. x2
You impale the deep elf blademaster!!
You kill the deep elf blademaster!
Qazlal accepts your kill.
No target in view!
No target in view!
No target in view!
No target in view!
No target in view!
No target in view!
No target in view!
No target in view!
No target in view!
Something croaks, "Accept thy failure, thou pandering fly-bitten strumpet!"
Nineh opens the door.
Nineh gestures.
Lightning arcs from Nineh's claws!
The bolt of lightning hits you!!!!
Ouch! That really hurt!
A bolt of lightning appears from out of thin air!
The bolt of lightning hits Nineh.
Nineh resists.
There is an open door here.
Unknown command.
Nature churns violently around you!
You hear a shout!
You hear a roar! x2
Ignacio opens the door.
A red draconian stormcaller opens the door.
A yellow draconian knight comes into view.
It is wielding a +2 long sword.
Nineh gestures.
Lightning arcs from Nineh's claws!
The bolt of lightning hits the yellow draconian knight!!!
The bolt of lightning hits the red draconian stormcaller!!!
The bolt of lightning hits Nineh.
Nineh resists.
The bolt of lightning hits you!!!
You die...

........#
........#
#######'# ### #
#'# +..##1 ## #.#
#..'##)# #'#
#..#.####.#
##.°##°##'#
#@#..'# #.#
#&###..###'#
#q##.##..##.#
+q###'#..##'#
###.##..###.#
#.##'..## #)#
###.#..'## #.#
###.##).##.###)#
#.##'..#'##'##.##


You could see Ignacio, Nineh (clouds), a yellow draconian knight and a red
draconian stormcaller.

Vanquished Creatures
  A pandemonium lord (D)
  An ancient lich (D)
  A royal mummy (D)
  An electric golem (D)
  2 Brimstone Fiends (D)
  A tentacled monstrosity (D)
  An acid blob (D)
  A deep elf master archer (D)
  3 titans (D)
  2 deep elf blademasters (D)
  A sphinx (D)
  A shadow dragon (D)
  A rockslime (D)
  A frost giant (D)
  A fire giant (D)
  A deep elf sorcerer (D)
  An orc warlord (D)
  A draconian scorcher (D)
  2 balrugs (D)
  A war gargoyle (D)
  A stone giant (D)
  A vampire knight (D)
  A lorocyproca (D)
  A blizzard demon (D)
  Snorg (D)
  A deep elf death mage (D)
  2 green deaths (D)
  A mummy priest (D)
  2 vault guards (D)
  Erolcha (D)
  A hydra (D)
  3 naga warriors (D)
  A hell beast (D)
  A merfolk avatar (D)
  A death knight (D)
  2 merfolk aquamancers (D)
  2 alligator snapping turtles (D)
  A dancing weapon (D)
  An orc high priest (D)
  5 death yaks (D)
  A deep elf knight (D)
  2 soul eaters (D)
  A death drake (D)
  A deep troll (D)
  2 sea snakes (D)
  A flayed ghost (D)
  A wizard (D)
  11 orc knights (D)
  2 orc sorcerers (D)
  A naga mage (D)
  A guardian serpent (D)
  2 smoke demons (D)
  A cane toad (D)
  An unseen horror (D)
  A yaktaur (D)
  A hellion (D)
  A komodo dragon (D)
  A rime drake (D)
  An ice devil (D)
  A red devil (D)
  A merfolk (D)
  3 wind drakes (D)
  A hornet (D)
  A snapping turtle (D)
  4 tarantellas (D)
  An air elemental (D)
  5 redbacks (D)
  2 vampires (D)
  2 spriggans (D)
  2 ynoxinuls (D)
  4 water elementals (D)
  2 large abominations (D)
  3 chaos spawn (D)
  2 golden eyes (D)
  Eustachio (D)
  A steam dragon (D)
  A warg (D)
  2 nagas (D)
  2 orc warriors (D)
  2 ice beasts (D)
  2 necrophages (D)
  2 ogres (D)
  3 centaurs (D)
  3 phantoms (D)
  A gnoll sergeant (D)
  2 scorpions (D)
  An earth elemental (D)
  7 killer bees (D)
  5 wights (D)
  A crimson imp (D)
  A quasit (D)
  3 orc priests (D)
  A gnoll shaman (D)
  An iguana (D)
  4 orc wizards (D)
  A hell rat (D)
  7 gnolls (D)
  3 adders (D)
  2 river rats (D)
  2 white imps (D)
  An ufetubus (D)
  A worm (D)
  10 orcs (D)
  2 ball pythons (D)
  A bat skeleton (D)
  An endoplasm (D)
  2 giant cockroaches (D)
  A hobgoblin (D)
  4 jackals (D)
  A giant cockroach zombie (D)
  A kobold (D)
  A quokka skeleton (D)
209 creatures vanquished.

Vanquished Creatures (collateral kills)
  A death yak (D)
  2 orc knights (D)
3 creatures vanquished.

Vanquished Creatures (others)
  An orc warlord (D)
  A deep elf knight (D)
  A water elemental (D)
3 creatures vanquished.

Grand Total: 215 creatures vanquished

Notes
Turn   | Place    | Note
-------+----------+-------------------------------------------
     0 | D        | mhtbhm the Minotaur Fighter began the quest for the Orb.
     0 | D        | Reached XP level 1. HP: 19/19 MP: 0/0
    17 | D        | Found a bloodstained altar of Trog.
    17 | D        | Found a shimmering blue altar of Sif Muna.
    17 | D        | Found a viscous altar of Jiyva.
    17 | D        | Found a hazy altar of Hepliaklqana.
    17 | D        | Found an opulent altar of Gozag.
    18 | D        | Found a glowing golden altar of the Shining One.
    18 | D        | Found a glowing silver altar of Zin.
    18 | D        | Found a basalt altar of Yredelemnul.
    18 | D        | Found a shimmering altar of Xom.
    18 | D        | Found an ornate altar of the Wu Jian Council.
    18 | D        | Found a sacrificial altar of Ru.
    18 | D        | Found a stormy altar of Qazlal.
    18 | D        | Found an iron altar of Okawaru.
    18 | D        | Found a sparkling altar of Nemelex Xobeh.
    18 | D        | Found a burning altar of Makhleb.
    18 | D        | Found a blossoming altar of Fedhas.
    18 | D        | Found a white marble altar of Elyvilon.
    18 | D        | Found a shadowy altar of Dithmenos.
    18 | D        | Found a snail-covered altar of Cheibriados.
    20 | D        | Found a radiant altar of Vehumet.
    20 | D        | Found a corrupted altar of Lugonu.
    21 | D        | Found a hide-covered altar of Uskayaw.
    21 | D        | Found an ancient bone altar of Kikubaaqudgha.
    21 | D        | Found a broken altar of Ashenzari.
    29 | D        | Became a worshipper of Qazlal Stormbringer
    72 | D        | Reached skill level 4 in Shields
    72 | D        | Reached XP level 2. HP: 28/28 MP: 1/1
    76 | D        | Reached * piety under Qazlal
    82 | D        | Noticed a scorpion
    92 | D        | Killed a scorpion
    93 | D        | Reached skill level 6 in Shields
    93 | D        | Reached XP level 3. HP: 30/37 MP: 2/2
    93 | D        | Reached XP level 4. HP: 36/44 MP: 3/3
    93 | D        | Reached ** piety under Qazlal
   148 | D        | Noticed a scorpion
   157 | D        | Killed a scorpion
   158 | D        | Reached skill level 5 in Maces & Flails
   158 | D        | Reached skill level 7 in Shields
   158 | D        | Reached XP level 5. HP: 35/52 MP: 4/4
   160 | D        | Reached *** piety under Qazlal
   350 | D        | Noticed an orc warrior
   374 | D        | Reached skill level 1 in Dodging
   374 | D        | Reached skill level 8 in Shields
   376 | D        | Reached **** piety under Qazlal
   397 | D        | Killed an orc warrior
   398 | D        | Reached skill level 9 in Shields
   398 | D        | Reached XP level 6. HP: 58/62 MP: 4/6
   416 | D        | Reached skill level 10 in Shields
   419 | D        | Reached ***** piety under Qazlal
   440 | D        | Noticed a warg
   451 | D        | Killed a warg
   452 | D        | Reached XP level 7. HP: 14/70 MP: 7/9
   771 | D        | Noticed a hornet
   781 | D        | Killed a hornet
   782 | D        | Reached skill level 11 in Shields
   782 | D        | Reached skill level 5 in Invocations
   794 | D        | Reached skill level 10 in Armour
   796 | D        | Reached ****** piety under Qazlal
   823 | D        | Reached skill level 10 in Maces & Flails
   823 | D        | Reached XP level 8. HP: 78/78 MP: 11/11
   943 | D        | Noticed an orc sorcerer
   950 | D        | Killed an orc sorcerer
   951 | D        | Reached skill level 10 in Fighting
   951 | D        | Reached skill level 12 in Shields
  1099 | D        | Noticed a sea snake
  1104 | D        | Noticed a merfolk aquamancer
  1105 | D        | Killed a sea snake
  1106 | D        | Reached XP level 9. HP: 77/86 MP: 13/13
  1109 | D        | Noticed a death yak
  1113 | D        | Reached skill level 13 in Shields
  1131 | D        | Killed a merfolk aquamancer
  1135 | D        | Killed a death yak
  1294 | D        | Noticed a cane toad
  1295 | D        | Noticed an alligator snapping turtle
  1303 | D        | Killed a cane toad
  1315 | D        | Killed an alligator snapping turtle
  1316 | D        | Reached skill level 14 in Shields
  1316 | D        | Reached XP level 10. HP: 89/96 MP: 14/16
  1583 | D        | Reached skill level 10 in Invocations
  1585 | D        | Reached skill level 1 in Stealth
  1640 | D        | Noticed Erolcha
  1641 | D        | Noticed a flayed ghost
  1649 | D        | Killed a flayed ghost
  1649 | D        | Noticed an orc knight
  1650 | D        | Reached skill level 15 in Maces & Flails
  1655 | D        | Killed Erolcha
  1656 | D        | Reached skill level 15 in Shields
  1678 | D        | Killed an orc knight
  1679 | D        | Noticed a smoke demon
  1680 | D        | Reached XP level 11. HP: 58/105 MP: 9/18
  1950 | D        | Noticed Snorg
  1950 | D        | Noticed a deep troll
  1955 | D        | Killed a deep troll
  1961 | D        | Reached skill level 16 in Shields
  1976 | D        | Killed Snorg
  1978 | D        | Noticed a sea snake
  1985 | D        | Noticed a naga warrior
  1992 | D        | Reached skill level 17 in Shields
  1992 | D        | Killed a sea snake
  1997 | D        | Killed a naga warrior
  2448 | D        | Noticed a balrug
  2448 | D        | Noticed a hell beast
  2448 | D        | Noticed a stone giant
  2448 | D        | Noticed a death knight
  2449 | D        | Found the +2 Maxwell's thermic engine {flame, freeze}
  2450 | D        | Killed a balrug
  2450 | D        | Killed a stone giant
  2450 | D        | Killed a death knight
  2450 | D        | Killed a hell beast
  2451 | D        | Reached skill level 18 in Shields
  2451 | D        | Reached XP level 12. HP: 117/117 MP: 5/22
  2570 | D        | Noticed a vampire knight
  2570 | D        | Noticed an alligator snapping turtle
  2573 | D        | Noticed a five-headed hydra
  2579 | D        | Killed a five-headed hydra
  2580 | D        | Reached skill level 15 in Invocations
  2580 | D        | Noticed a merfolk aquamancer
  2587 | D        | Killed a merfolk aquamancer
  2587 | D        | Killed a vampire knight
  2588 | D        | Reached skill level 15 in Armour
  2595 | D        | Noticed a fire giant
  2605 | D        | Noticed a merfolk avatar
  2610 | D        | Killed an alligator snapping turtle
  2621 | D        | Killed a fire giant
  2623 | D        | Noticed a mummy priest
  2650 | D        | Noticed a death yak
  2659 | D        | Reached skill level 19 in Shields
  2672 | D        | Killed a mummy priest
  2675 | D        | Killed a merfolk avatar
  2677 | D        | Killed a death yak
  2677 | D        | Noticed a death yak
  2677 | D        | Noticed a death yak
  2684 | D        | Killed a death yak
  2689 | D        | Killed a death yak
  2689 | D        | Noticed a death yak
  2690 | D        | Reached skill level 15 in Fighting
  2690 | D        | Reached skill level 1 in Evocations
  2690 | D        | Reached XP level 13. HP: 50/126 MP: 5/24
  2700 | D        | Identified the +2 robe "Zourgh" {rElec Str+4 Slay-5}
  2712 | D        | Noticed Eustachio
  2715 | D        | Killed Eustachio
  3044 | D        | Got the +5 flail of Cowardice {holy, rPois Str+4 Int-4
                  | Dex+6}
  3146 | D        | Noticed an orc warlord
  3151 | D        | Noticed an orc warlord
  3164 | D        | Killed an orc warlord
  3165 | D        | Noticed a deep elf sorcerer
  3167 | D        | Noticed a war gargoyle
  3177 | D        | Killed a deep elf sorcerer
  3179 | D        | Killed a war gargoyle
  3180 | D        | Reached skill level 20 in Shields
  3184 | D        | Killed an orc warlord
  3360 | D        | Got the +7 morningstar "Dragon's Tongue" {protect, rN+}
  3592 | D        | Noticed a titan
  3605 | D        | Killed a titan
  3676 | D        | Noticed a tentacled monstrosity
  3685 | D        | Killed a tentacled monstrosity
  3686 | D        | Reached XP level 14. HP: 117/138 MP: 27/27
  3711 | D        | Reached skill level 21 in Shields
  3716 | D        | Noticed a balrug
  3724 | D        | Killed a balrug
  3755 | D        | Noticed a sphinx
  3755 | D        | Noticed Hofoma the pandemonium lord
  3755 | D        | Noticed a titan
  3755 | D        | Noticed a deep elf master archer
  3756 | D        | Killed a sphinx
  3756 | D        | Killed Hofoma the pandemonium lord
  3756 | D        | Killed a titan
  3757 | D        | Reached skill level 22 in Shields
  3760 | D        | Killed a deep elf master archer
  3799 | D        | Noticed a red draconian scorcher
  3806 | D        | Killed a red draconian scorcher
  3809 | D        | Noticed a frost giant
  3815 | D        | Killed a frost giant
  3818 | D        | Noticed an electric golem
  3865 | D        | Killed an electric golem
  3866 | D        | Reached skill level 23 in Shields
  3896 | D        | Noticed a Brimstone Fiend
  3902 | D        | Killed a Brimstone Fiend
  3905 | D        | Noticed a royal mummy
  3922 | D        | Killed a royal mummy
  3923 | D        | Reached XP level 15. HP: 102/151 MP: 28/28
  3954 | D        | Noticed an ancient lich
  3979 | D        | Killed an ancient lich
  3980 | D        | Reached skill level 24 in Shields
  4209 | D        | Noticed a shadow dragon
  4209 | D        | Noticed a rockslime
  4230 | D        | Killed a rockslime
  4240 | D        | Killed a shadow dragon
  4255 | D        | Reached skill level 25 in Shields
  4359 | D        | Noticed a Brimstone Fiend
  4366 | D        | Killed a Brimstone Fiend
  4607 | D        | Noticed a deep elf blademaster
  4607 | D        | Noticed an acid blob
  4613 | D        | Killed an acid blob
  4620 | D        | Killed a deep elf blademaster
  4840 | D        | Noticed a titan
  4848 | D        | Killed a titan
  4873 | D        | Noticed a deep elf blademaster
  4888 | D        | Killed a deep elf blademaster
  4891 | D        | Noticed Nineh the pandemonium lord
  4892 | D        | Noticed a yellow draconian knight
  4892 | D        | Killed from afar by Nineh the pandemonium lord

Illustrated notes

Levels and vault maps discovered:
D:        pitsprint [storerooms_1, entrance_room_1, metal_vault_4, armoury_2,
          mini_pit_1, grid_room_1, main_hall_1, silver_pit, the_coven_3,
          the_vestibule_1, steel_vault_4, golden_pit, hallway_of_sentries,
          crystal_vault_2, iron_vault_5, final_vault]

Skill      XL: |  1  2  3  4  5  6  7  8  9 10 11 12 13 14 15 |
---------------+----------------------------------------------+-----
Fighting       | 4 6 7 8 9 10 11 12 14 15 16 18 20 | 20.3
Armour         | 4 6 7 8 9 10 11 12 13 14 15 16 17 18 | 18.4
Shields        | 4 6 7 9 10 11 12 14 15 18 19 20 23 25 | 25.9
Maces & Flails | 4 5 7 8 10 11 14 15 17 18 20 21 | 21.4
Dodging        | 1 2 3 4 8 9 |  9.9
Invocations    | 2 4 5 7 9 10 14 17 20 21 22 | 22.8
Stealth        | 1 2 3 4 |  4.5
Evocations     | 1 2 |  2.5

Action                   |  1- 3 |  4- 6 |  7- 9 | 10-12 | 13-15 || total
-------------------------+-------+-------+-------+-------+-------++-------
Melee: Mace              |    17 |    68 |       |       |       ||    85
       Headbutt          |     1 |    15 |    18 |    49 |    74 ||   157
       Morningstar       |       |     8 |    78 |   191 |   288 ||   565
Invok: Disaster Area     |       |       |       |    12 |     8 ||    20
       Elemental Force   |       |       |       |     2 |     1 ||     3
       Upheaval          |       |       |       |       |     1 ||     1
Evoke: Phantom mirror    |       |       |       |     2 |     2 ||     4
       Box of beasts     |       |       |       |     1 |     2 ||     3
  Use: Potion            |     1 |     2 |     1 |    13 |    11 ||    28
       Scroll            |       |       |       |     1 |     1 ||     2
 Stab: Paralysed         |       |       |       |       |     2 ||     2
       Invisible         |       |       |       |       |     1 ||     1
Armor: Scale mail        |     4 |     8 |       |       |       ||    12
       Plate armour      |       |    13 |    14 |    55 |    12 ||    94
       Pearl dragon scal |       |       |       |       |    55 ||    55
Dodge: Dodged            |     8 |    16 |    15 |    42 |    61 ||   142
       Repelled          |       |       |     2 |       |     7 ||     9
Block: Kite shield       |    18 |    57 |    53 |   194 |    71 ||   393
       Tower shield      |       |       |       |       |   196 ||   196

Table legend: (Time is in decaauts)
 A = Elapsed time spent in this place.
 B = Non-inter-level travel time spent in this place.
 C = Inter-level travel time spent in this place.
 D = Time resting spent in this place.
 E = Time spent auto-exploring this place.
 F = Levels seen in this place.
 G = Mean time per level.
                   A        B        C        D        E       F      G
               +--------+--------+--------+--------+--------+-----+--------+
         Total |   4814 |   4768 |     46 |   2499 |     72 |   1 | 4814.0 |
       Dungeon |   4814 |   4768 |     46 |   2499 |     72 |   1 | 4814.0 |
               +--------+--------+--------+--------+--------+-----+--------+

Top non-repeatable levels by time:
       D: 4814 daAuts
